 Dungeon Crawl Stone Soup version 0.30-a0-778-g2ef04afb54 (webtiles) character file.

Game seed: 2505539164941206583

409 Smoke131 the Chucker (level 6, 0/61 HPs)
             Began as an Ogre Gladiator on Feb 15, 2023.
             Slain by a worm (6 damage)
             ... on level 4 of the Dungeon.
             The game lasted 00:12:16 (3674 turns).

Smoke131 the Chucker (Ogre Gladiator)               Turns: 3674, Time: 00:12:17

Health: 0/61       AC:  3    Str: 19    XL:     6   Next: 89%
Magic:  6/6        EV: 10    Int:  9    God:
Gold:   182        SH:  0    Dex: 12    Spells: 5/5 levels left

rFire   . . .      SeeInvis .    a - +0 war axe
rCold   + . .      Faith    .    (no shield)
rNeg    . . .      Spirit   .    b - +0 robe
rPois   .          Reflect  .    c - +0 hat
rElec   .          Harm     .    (no cloak)
rCorr   +          Rampage  .    (gloves unavailable)
Will    .....                    (boots unavailable)
Stlth   +                        (no amulet)
HPRegen 0.30/turn                n - ring of protection from cold
MPRegen 0.10/turn                h - ring of resist corrosion

@: no status effects
A: large, unfitting armour, tough skin 1
a: no special abilities


You were on level 4 of the Dungeon.
You visited 1 branch of the dungeon, and saw 4 of its levels.

You collected 182 gold pieces.

Inventory:

Hand Weapons
 a - a +0 war axe (weapon)
Missiles
 d - 4 throwing nets
 e - 4 large rocks
 f - 60 stones
 p - 2 poisoned darts (quivered)
Armour
 b - a +0 robe (worn)
 c - a +0 hat (worn)
Jewellery
 h - a ring of resist corrosion (right hand)
 n - a ring of protection from cold (left hand)
Scrolls
 g - 3 scrolls of identify
 j - a scroll of teleportation {unknown}
 r - a scroll of poison
Potions
 i - a potion of ambrosia
 k - a potion of brilliance
 l - a potion of berserk rage {unknown}
 m - a potion of invisibility
 o - a potion of might {unknown}


   Skills:
 - Level 3.0 Fighting
 - Level 3.0 Axes
 + Level 6.9 Throwing
 - Level 3.0 Dodging


You had 5 spell levels left.
You didn't know any spells.
Your spell library contained the following spells:

 Spells                   Type           Power      Damage    Failure   Level
 Magic Dart               Conj           0%         1d3       38%         1
 Call Imp                 Summ           0%         N/A       52%         2
 Cigotuvi's Dreadful Rot  Necr/Pois/Air  0%         N/A       52%         2
 Poisonous Vapours        Pois/Air       0%         N/A       52%         2
 Mephitic Cloud           Conj/Pois/Air  0%         N/A       77%         3


Dungeon Overview and Level Annotations

Branches:
Dungeon (4/15)
 Temple: D:4-7

Altars:
Gozag

Shops:
D:4 *

Annotations:
D:4 Dowan, Duvessa


Innate Abilities, Weirdness & Mutations

You are too large for most types of armour.
You have tough skin. (AC +1)


Message History

You closely miss the phantom.
The phantom is lightly damaged.
You hit the worm. The worm bites you!
The phantom hits you but does no damage.
You hit the phantom.
The phantom is moderately damaged.
You hit the worm. The phantom hits you. The worm bites you.
You hit the phantom.
The phantom is heavily damaged.
You barely miss the worm. The phantom hits you. The worm barely misses you.
The phantom hits you.
The phantom blinks!
You blink.
You hit the phantom.
The phantom is severely damaged.
The phantom barely misses you.
You hit the phantom but do no damage.
The phantom is severely damaged.
The phantom hits you.
The phantom blinks!
You blink.
You are too injured to fight recklessly!
You are too injured to fight recklessly!
You are too injured to fight recklessly!
You are too injured to fight recklessly!
You are too injured to fight recklessly!
You miss the phantom.
The phantom is severely damaged.
The phantom hits you.
The phantom blinks!
You blink.
The phantom hits you.
The phantom blinks!
You blink.
You closely miss the phantom.
The phantom is severely damaged.
You hit the worm. The phantom hits you!
* * * LOW HITPOINT WARNING * * *
The worm bites you!
* * * LOW HITPOINT WARNING * * *
You slash the phantom!
You destroy the phantom!
You slash the worm! The worm bites you.
* * * LOW HITPOINT WARNING * * *
You barely miss the worm.
The worm is severely wounded.
The worm bites you.
You die...

....#.#.........######..## ##.
.#..#..#.#....†.# #..## #.
#..#.....##.....# ##...# ##.
#........###....# ##....# ##..
###.##.#.# #....####.....##
##... # ##.#..##
#.....#........###.... #
###..#####...................#
###....##.#.......#####...##
#..#.##..@w....## ##..#
#.##.#.##.....## #..#
###..###....#### #..# ####
##......##### ##..
###....W.... ...# #......##...
..# #.......# ##.......#
#.#w.....#


You could see a worm.

Vanquished Creatures
  A black bear (D:4)
  A phantom (D:4)
  An iguana (D:4)
  An orc wizard (D:3)
  3 gnolls
  8 adders
  A worm (D:2)
  2 dart slugs
  5 orcs (D:3)
  7 ball pythons
  7 endoplasms
  7 giant cockroaches
  6 goblins
  6 hobgoblins
  4 jackals (D:2)
  4 kobolds
  5 quokkas
  6 bats
  4 frilled lizards
  10 rats
89 creatures vanquished.

Notes
Turn   | Place    | Note
-------+----------+-------------------------------------------
     0 | D:1      | Smoke131 the Ogre Gladiator began the quest for the Orb.
     0 | D:1      | Reached XP level 1. HP: 22/22 MP: 1/1
    80 | D:1      | Reached XP level 2. HP: 27/31 MP: 2/2
   461 | D:1      | Reached XP level 3. HP: 33/37 MP: 3/3
   481 | D:1      | Reached skill level 3 in Throwing
  1146 | D:2      | Reached XP level 4. HP: 22/45 MP: 4/4
  1155 | D:2      | HP: 2/45 [poisoned by an adder]
  1166 | D:2      | Reached skill level 4 in Throwing
  2002 | D:3      | Reached XP level 5. HP: 52/53 MP: 5/5
  2023 | D:3      | Reached skill level 5 in Throwing
  2754 | D:4      | Noticed a black bear
  2773 | D:4      | Killed a black bear
  2774 | D:4      | Reached skill level 6 in Throwing
  2774 | D:4      | Reached XP level 6. HP: 22/61 MP: 6/6
  3234 | D:4      | Found Gozag's Platinum Reserve.
  3241 | D:4      | Found an opulent altar of Gozag.
  3254 | D:4      | Noticed Dowan
  3376 | D:4      | Noticed Duvessa
  3674 | D:4      | Slain by a worm

Illustrated notes

Levels and vault maps discovered:
D:1:      dpeg_arrival_radiant, layout_loops_ring, grunt_decor_mini_mirrors,
          minmay_split_cup_small
D:2:      layout_loops_ring, minmay_joined_circles
D:3:      layout_loops_ring
D:4:      layout_layer_cave, nicolae_gozag_zags_fifth_avenue, serial_shops,
          shop, uniq_duvessa, uniq_ijyb

Skill      XL: |  1  2  3  4  5 |
---------------+----------------+-----
Fighting       | 3 |  3.0
Dodging        | 3 |  3.0
Throwing       | 3 4 6 |  6.9
Axes           | |  3.0

Action                     |  1- 3 |  4- 6 || total
---------------------------+-------+-------++-------
  Melee: War axe           |   107 |   148 ||   255
         Punch             |       |     3 ||     3
  Throw: Dart              |       |     2 ||     2
         Large rock        |       |     4 ||     4
    Use: Scroll            |       |     9 ||     9
         Potion            |       |     5 ||     5
   Stab: Sleeping          |       |     5 ||     5
         Invisible         |       |     1 ||     1
 Armour: Robe              |    58 |    56 ||   114
  Dodge: Dodged            |    75 |    92 ||   167

Table legend: (Time is in decaauts)
 A = Elapsed time spent in this place.
 B = Non-inter-level travel time spent in this place.
 C = Inter-level travel time spent in this place.
 D = Time resting spent in this place.
 E = Time spent auto-exploring this place.
 F = Levels seen in this place.
 G = Mean time per level.
                   A        B        C        D        E       F      G
               +--------+--------+--------+--------+--------+-----+--------+
         Total |   3763 |   3683 |     80 |    399 |   2028 |   4 |  940.8 |
       Dungeon |   3763 |   3683 |     80 |    399 |   2028 |   4 |  940.8 |
               +--------+--------+--------+--------+--------+-----+--------+

Top non-repeatable levels by time:
     D:3: 1142 daAuts
     D:2: 1014 daAuts
     D:1: 886 daAuts
     D:4: 719 daAuts
